AoeStats
← Draskard CL

Black Forest

510641567Analyzed
3v3 RM · 2d ago on Oct 1, 2026· 45m 42s· 6 players
Game mode
Random Map
Map size
Normal (6 player)
Population
200
Speed
Normal
Resources
Standard
Victory
Conquest
Starting age
Dark Age
Ending age
Imperial Age
RankedLock teamsTeams togetherTeam positionsShared explorationLock speedFull tech treeHidden civsTurbo modeCheats
Victory
Defeat
🇨🇱 Franks · Chile
870
+7
🇨🇦 Persians · Canada
764
+10
🇺🇸 Saxons · United States
698
+12
🇹🇷 Saracens · Türkiye
638
-23
🇹🇷 Turks · Türkiye
635
-23
🇹🇷 Bohemians · Türkiye
622
-9
D3adFoxx
0:29 Loom
14:32 Feudal Age
16:34 Double-Bit Axe
19:22 Castle Age
19:10 Fletching
21:02 Wheelbarrow
20:31 Horse Collar
21:16 Bow Saw
31:50 Forging
31:41 Scale Mail Armor
34:16 Hand Cart
36:48 Iron Casting
36:09 Bodkin Arrow
42:52 Imperial Age
44:30 Conscription
43:32 Clerical Recruitment
45:09 Heavy Scorpion
n0m3
3:32 Loom
10:35 Feudal Age
13:10 Wheelbarrow
18:17 Castle Age
17:05 Horse Collar
17:32 Double-Bit Axe
17:40 Stone Mining
18:06 Gold Mining
25:57 Hand Cart
27:32 Heavy Plow
28:48 Bow Saw
33:00 Imperial Age
31:34 Scale Barding Armor
31:39 Forging
31:20 Fletching
31:31 Padded Archer Armor
31:32 Scale Mail Armor
33:12 Gold Shaft Mining
33:15 Stone Shaft Mining
33:15 Kamandaran
33:41 Citadels
33:55 Conscription
33:20 Elite War Elephant
34:02 Town Watch
35:53 Chemistry
35:14 Ballistics
35:27 Chain Barding Armor
35:43 Iron Casting
37:36 Crop Rotation
38:17 Plate Barding Armor
38:46 Blast Furnace
38:04 Bloodlines
37:58 Husbandry
Draskard CL
12:25 Feudal Age
16:08 Castle Age
14:08 Double-Bit Axe
16:06 Stone Mining
17:59 Wheelbarrow
21:14 Town Watch
25:21 Gold Mining
29:58 Hand Cart
29:46 Town Patrol
29:34 Loom
34:11 Imperial Age
32:46 Gold Shaft Mining
32:19 Scale Barding Armor
32:51 Bow Saw
32:47 Caravan
33:26 Coinage
35:14 Chivalry
35:35 Conscription
34:57 Cavalier
35:39 Husbandry
36:03 Chain Barding Armor
35:54 Forging
36:17 Banking
36:54 Murder Holes
37:20 Ballistics
37:39 Plate Barding Armor
36:51 Paladin
37:21 Light Cavalry
38:40 Iron Casting
40:26 Hoardings
42:23 Blast Furnace
broo
5:09 Loom
19:43 Feudal Age
21:03 Wheelbarrow
21:08 Town Watch
25:12 Horse Collar
26:51 Scale Mail Armor
40:06 Castle Age
43:46 Castle Age
Han53
0:27 Loom
14:59 Feudal Age
16:19 Wheelbarrow
15:41 Horse Collar
15:49 Double-Bit Axe
16:19 Town Watch
22:42 Castle Age
23:28 Town Patrol
26:19 Bow Saw
29:31 Caravan
33:44 Hand Cart
33:23 Arson
33:38 Squires
35:09 Forging
34:50 Fletching
35:00 Padded Archer Armor
35:01 Scale Mail Armor
35:08 Scale Barding Armor
36:45 Wagenburg Tactics
38:07 Chemistry
40:48 Imperial Age
39:52 Husbandry
39:12 Light Cavalry
40:13 Heavy Plow
40:26 Fervor
40:37 Sanctity
39:55 Pikeman
43:51 Iron Casting
43:31 Chain Mail Armor
43:12 Bodkin Arrow
43:32 Leather Archer Armor
43:37 Chain Barding Armor
tahir.altn
2:52 Loom
19:30 Feudal Age
20:48 Wheelbarrow
20:13 Horse Collar
22:03 Double-Bit Axe
22:31 Town Watch
24:03 Padded Archer Armor
23:53 Fletching
24:09 Scale Barding Armor
25:30 Scale Mail Armor
25:40 Forging
27:41 Man-at-Arms
39:56 Arson
45:56 Castle Age
Connection lost

Rejoining the realm…

Still unreachable

The connection could not be restored.

Session expired

The server has moved on; the page needs a fresh start.